Login

Dallas Stars vs Chicago Blackhawks

Created - 02 April 2024 at 23:08

Goals
1 2 3 T
Dallas Stars 3 0 3 6
Chicago Blackhawks 0 1 0 1
Shots
1 2 3 T
Dallas Stars 11 4 15 30
Chicago Blackhawks 9 11 8 28

GoalsPenalties
1st period
1. Dallas Stars , Matt Duchene 5 (Mason Marchment 5) at 5:28
2. Dallas Stars , Tyler Seguin 2 (Matt Duchene 6, Ryan Suter 2) at 10:07
3. Dallas Stars , Radek Faksa 2 (Sam Steel 3, Jamie Benn 6) at 15:28
Matt Grzelcyk (CHI) for Tripping (Minor) at 10:12
Ryan Suter (DAL) for Hooking (Minor) at 19:01
2nd period
4. Chicago Blackhawks , Jonatan Berggren 2 (Philipp Kurashev 4) at 17:24
Roope Hintz (DAL) for Roughing (Minor) at 4:15
Seth Jones (CHI) for Hooking (Minor) at 8:59
Jani Hakanpaa (DAL) for Holding (Minor) at 11:24
Connor Murphy (CHI) for Roughing (Minor) at 17:57
3rd period
5. Dallas Stars , Jason Robertson 9 (Miro Heiskanen 11, Roope Hintz 5) at 11:59
6. Dallas Stars , Jason Robertson 10 (Miro Heiskanen 12, Roope Hintz 6) at 12:07
7. Dallas Stars , Jason Robertson 11 (Nils Lundkvist 3, Miro Heiskanen 13) at 13:34 (PP)
Connor Murphy (CHI) for Elbowing (Minor) at 0:17
Jani Hakanpaa (DAL) for Delaying the game (Minor) at 4:25
Connor Murphy (CHI) for Holding Stick (Minor) at 13:21
Goalie Stats
Jake Oettinger (DAL), 27 saves from 28 shots - (0.964), W, 8-3-1, 60:00 minutes
Joonas Korpisalo (CHI), 24 saves from 30 shots - (0.800), L, 2-6-0, 60:00 minutes
3 StarsOfficial
1 - Jason Robertson (DAL)
2 - Miro Heiskanen (DAL)
3 - Matt Duchene (DAL)
Referees : Corey Syvret and Tom Chmielewski
Linesman : Luke Murray and Kyle Allen
Game Note
Jason Robertson has scored a Hat Trick!
Finance
Level 1 -- Attendance: 5707 (95.12%) -- Ticket Income $570,700
Level 2 -- Attendance: 4244 (84.88%) -- Ticket Income $254,640
Level 3 -- Attendance: 1971 (98.55%) -- Ticket Income $68,985
Level 4 -- Attendance: 3923 (98.08%) -- Ticket Income $98,075
Luxury Box -- Attendance: 1000 (100.00%) -- Ticket Income $200,000
Game was played at the United Center.
Total Attendance: 16845 (93.58%)
Total Ticket Income: $1,192,400
Other Income: $584,276
Total Income: $1,776,676



Team Name Goals Shots Shots Attemp Shots Blocked PIM HIT PP PK FO%
Dallas Stars 63045128231 / 5 (20%)055%
Chicago Blackhawks 12856410190 / 4 (0%)145%

Dallas Stars
Player Name POS G A P +/- PIM HIT SHT SB MP PP MP PP SHT PK MP PK SHT FO% FOT GA TA
Craig SmithC000000106:310:0001:390100% 200
Derrick PouliotD0001010122:200:0004:3700% 000
Jamie BennLW0111022118:423:4404:1500% 201
Jani HakanpaaD0001431118:233:2901:2800% 010
Jason RobertsonLW3031024023:584:2514:40057% 710
Joe PavelskiC0001002021:344:2502:19056% 921
Mason MarchmentLW0112040014:090:0001:1800% 000
Matej BlumelRW000000018:554:1400:0000% 100
Matt DucheneC1122015012:510:0000:00078% 900
Miro HeiskanenD0331033228:524:4004:3700% 003
Nils LundkvistD0112000318:484:4002:3200% 000
Radek FaksaC1011011111:040:0000:000100% 100
Roope HintzC0221214020:183:4401:33046% 2401
Ryan SuterD0111221120:433:2902:3800% 001
Sam SteelC0111002011:420:1100:00056% 910
Thomas HarleyD0002001110:560:0000:0000% 000
Ty DellandreaC000001105:450:0000:0800% 000
Tyler SeguinC1012022016:293:4400:0000% 010
Chicago Blackhawks
Player Name POS G A P +/- PIM HIT SHT SB MP PP MP PP SHT PK MP PK SHT FO% FOT GA TA
Blake WheelerRW000-5022016:263:1400:0000% 100
Boris KatchoukLW0001001013:510:0004:1610% 210
Connor MurphyD000-2621021:075:0200:0000% 001
Corey PerryRW0000010011:260:4702:2700% 001
Jarred TinordiD000-2000020:492:5403:4500% 011
Jonatan BerggrenRW101100309:310:0000:0000% 000
Kevin StenlundC0001022013:540:0004:18056% 910
Matt GrzelcykD0000201120:495:0202:4700% 001
Nick FolignoLW0000010115:452:5100:000100% 100
Nikita ZaitsevD0000001118:060:0004:2400% 002
Patrick KaneRW0000004017:214:3100:00033% 320
Patrik NemethD000-2020118:350:0004:2400% 000
Philipp KurashevC0110001011:080:0802:47050% 810
Robby FabbriLW000002409:470:0901:210100% 100
Sam BennettC0000025018:254:2101:09063% 1600
Seth JonesD000-2221020:392:5400:5800% 000
Taylor HallLW000-5001017:414:3300:0000% 200
Tyler JohnsonC000-5031016:263:1400:00033% 2110

Dallas Stars

5 vs 5 Forward
Line #Left WingCenterRight WingPHYDFOFWanted %Time %Time Play
1Jason RobertsonRoope HintzJoe Pavelski1224034%14:59
2Jamie BennSam SteelRadek Faksa1222526%11:13
3Mason MarchmentMatt DucheneTyler Seguin1222529%12:51
4Ty DellandreaCraig SmithMatej Blumel1221011%4:52
5 vs 5 Defense
Line #DefenseDefensePHYDFOFWanted %Time %Time Play
1Miro HeiskanenDerrick Pouliot1224041%18:01
2Jani HakanpaaRyan Suter1223029%12:57
3Thomas HarleyNils Lundkvist1222025%10:56
4Miro HeiskanenRyan Suter122105%2:01
Power Play Forward
Line #Left WingCenterRight WingPHYDFOFWanted %Time %Time Play
1Jason RobertsonJoe PavelskiMatej Blumel1226054%4:25
2Jamie BennRoope HintzTyler Seguin1224046%3:44
Power Play Defense
Line #DefenseDefensePHYDFOFWanted %Time %Time Play
1Miro HeiskanenNils Lundkvist1226057%4:40
2Jani HakanpaaRyan Suter1224043%3:29
Penalty Kill 4 Players Forward
Line #CenterWingPHYDFOFWanted %Time %Time Play
1Jason RobertsonJamie Benn1226071%5:37
2Joe PavelskiRoope Hintz1224029%2:19
Penalty Kill 4 Players Defense
Line #DefenseDefensePHYDFOFWanted %Time %Time Play
1Miro HeiskanenDerrick Pouliot1226058%4:37
2Jani HakanpaaRyan Suter1224042%3:19
Penalty Kill 3 Players
Line #WingPHYDFOFWanted %Time %Time PlayDefenseDefensePHYDFOFWanted %Time %Time Play
1Jason Robertson122600%0:00 Miro HeiskanenDerrick Pouliot122600%0:00
2Jamie Benn122400%0:00 Jani HakanpaaRyan Suter122400%0:00
4 vs 4 Forward
Line #CenterWingPHYDFOFWanted %Time %Time Play
1Jason RobertsonJamie Benn122600%0:00
2Joe PavelskiRoope Hintz122400%0:00
4 vs 4 Defense
Line #DefensePHYDFOFWanted %Time %Time Play
1Miro HeiskanenNils Lundkvist122600%0:00
2Jani HakanpaaRyan Suter122400%0:00
Last Minutes Offensive
Left WingCenterRight WingDefenseDefense
Jason RobertsonJoe PavelskiMatej BlumelMiro HeiskanenDerrick Pouliot
Last Minutes Defensive
Left WingCenterRight WingDefenseDefense
Jason RobertsonJoe PavelskiMatej BlumelMiro HeiskanenDerrick Pouliot
Time
Total ForwardTotal DefenseLast Minutes OffensiveLast Minutes Defensive
60:00 60:00 0:000:00
Extra Forwards
Normal PowerPlayPenalty Kill
Sam Steel, Ty Dellandrea, Craig SmithSam Steel, Ty DellandreaCraig Smith
Extra Defensemen
Normal PowerPlayPenalty Kill
Miro Heiskanen, Nils Lundkvist, Jani HakanpaaMiro Heiskanen, Nils LundkvistJani Hakanpaa
Penalty Shots
Jason Robertson, Jamie Benn, Joe Pavelski, Roope Hintz, Matt Duchene
Goalie
Jake Oettinger, Scott Wedgewood
Custom OT Lines Forwards
Jason Robertson, Jamie Benn, Joe Pavelski, Roope Hintz, Matt Duchene, Tyler Seguin, Radek Faksa, Mason Marchment, Sam Steel, Ty Dellandrea
Custom OT Lines Defensemen
Miro Heiskanen, Thomas Harley, Jani Hakanpaa, Ryan Suter, Nils Lundkvist
Scratches
Gavin Bayreuther (Suspend), Esa Lindell (Suspend)

Chicago Blackhawks

5 vs 5 Forward
Line #Left WingCenterRight WingPHYDFOFWanted %Time %Time Play
1Nick FolignoSam BennettPatrick Kane1223030%13:00
2Taylor HallTyler JohnsonBlake Wheeler1223030%13:12
3Robby FabbriPhilipp KurashevCorey Perry1222219%8:12
4Boris KatchoukKevin StenlundJonatan Berggren1221822%9:31
5 vs 5 Defense
Line #DefenseDefensePHYDFOFWanted %Time %Time Play
1Connor MurphySeth Jones1223637%16:05
2Patrik NemethJarred Tinordi1223334%14:43
3Matt GrzelcykNikita Zaitsev1223130%13:07
4Connor MurphySeth Jones12200%0:00
Power Play Forward
Line #Left WingCenterRight WingPHYDFOFWanted %Time %Time Play
1Taylor HallSam BennettPatrick Kane1226059%4:42
2Nick FolignoTyler JohnsonBlake Wheeler1224041%3:14
Power Play Defense
Line #DefenseDefensePHYDFOFWanted %Time %Time Play
1Connor MurphyMatt Grzelcyk1226063%5:02
2Seth JonesJarred Tinordi1224037%2:54
Penalty Kill 4 Players Forward
Line #CenterWingPHYDFOFWanted %Time %Time Play
1Kevin StenlundBoris Katchouk1226070%5:42
2Philipp KurashevCorey Perry1224030%2:27
Penalty Kill 4 Players Defense
Line #DefenseDefensePHYDFOFWanted %Time %Time Play
1Patrik NemethNikita Zaitsev1226054%4:24
2Jarred TinordiMatt Grzelcyk1224046%3:45
Penalty Kill 3 Players
Line #WingPHYDFOFWanted %Time %Time PlayDefenseDefensePHYDFOFWanted %Time %Time Play
1Kevin Stenlund122600%0:00 Patrik NemethNikita Zaitsev122600%0:00
2Philipp Kurashev122400%0:00 Jarred TinordiMatt Grzelcyk122400%0:00
4 vs 4 Forward
Line #CenterWingPHYDFOFWanted %Time %Time Play
1Sam BennettPatrick Kane122600%0:00
2Tyler JohnsonBlake Wheeler122400%0:00
4 vs 4 Defense
Line #DefensePHYDFOFWanted %Time %Time Play
1Connor MurphySeth Jones122600%0:00
2Patrik NemethJarred Tinordi122400%0:00
Last Minutes Offensive
Left WingCenterRight WingDefenseDefense
Taylor HallSam BennettPatrick KaneSeth JonesMatt Grzelcyk
Last Minutes Defensive
Left WingCenterRight WingDefenseDefense
Nick FolignoKevin StenlundCorey PerryConnor MurphyPatrik Nemeth
Time
Total ForwardTotal DefenseLast Minutes OffensiveLast Minutes Defensive
60:00 60:00 0:000:00
Extra Forwards
Normal PowerPlayPenalty Kill
Tyler Johnson, Corey Perry, Philipp KurashevTyler Johnson, Corey PerryPhilipp Kurashev
Extra Defensemen
Normal PowerPlayPenalty Kill
Matt Grzelcyk, Nikita Zaitsev, Patrik NemethMatt Grzelcyk, Nikita ZaitsevPatrik Nemeth
Penalty Shots
Patrick Kane, Blake Wheeler, Sam Bennett, Taylor Hall, Nick Foligno
Goalie
Joonas Korpisalo, David Rittich
Custom OT Lines Forwards
Patrick Kane, Blake Wheeler, Sam Bennett, Taylor Hall, Nick Foligno, Tyler Johnson, Corey Perry, Philipp Kurashev, Robby Fabbri, Jonatan Berggren
Custom OT Lines Defensemen
Seth Jones, Connor Murphy, Matt Grzelcyk, Patrik Nemeth, Jarred Tinordi
Scratches
Joey Anderson (Healthy), Sam Carrick (Healthy)


Play-by-Play

1st period


0:01 of 1st period - Joe Pavelski wins face-off versus Sam Bennett in neutral zone.
0:26 of 1st period - Miro Heiskanen is hit by Seth Jones and loses puck.
0:33 of 1st period - Snap shot by Tyler Johnson.
0:33 of 1st period - Stopped by Jake Oettinger without a rebound.
0:34 of 1st period - Matt Duchene wins face-off versus Philipp Kurashev in Dallas Stars zone.
1:56 of 1st period - Snap shot by Sam Bennett.
1:56 of 1st period - Shot Misses the Net.
3:07 of 1st period - Slapshot by Seth Jones.
3:07 of 1st period - Deflect By Jonatan Berggren.
3:07 of 1st period - Stopped by Jake Oettinger with a rebound.
3:09 of 1st period - Snap shot by Kevin Stenlund.
3:09 of 1st period - Stopped by Jake Oettinger with a rebound.
3:11 of 1st period - Slapshot by Connor Murphy.
3:11 of 1st period - Deflect By Miro Heiskanen.
3:11 of 1st period - Stopped by Jake Oettinger without a rebound.
3:12 of 1st period - Craig Smith wins face-off versus Tyler Johnson in Dallas Stars zone.
3:12 of 1st period - Craig Smith is hit by Blake Wheeler.
3:24 of 1st period - Snap shot by Blake Wheeler.
3:24 of 1st period - Stopped by Jake Oettinger without a rebound.
3:25 of 1st period - Sam Bennett wins face-off versus Roope Hintz in Dallas Stars zone.
4:19 of 1st period - Snap shot by Robby Fabbri.
4:19 of 1st period - Stopped by Jake Oettinger with a rebound.
4:35 of 1st period - Snap shot by Jonatan Berggren.
4:35 of 1st period - Shot Blocked by Matej Blumel.
4:37 of 1st period - Slapshot by Patrik Nemeth.
4:37 of 1st period - Shot Blocked by Nils Lundkvist.
4:39 of 1st period - Wrist shot by Jarred Tinordi.
4:39 of 1st period - Shot Misses the Net.
4:41 of 1st period - Slapshot by Patrik Nemeth.
4:41 of 1st period - Shot Blocked by Thomas Harley.
5:21 of 1st period - Blake Wheeler is hit by Tyler Seguin and loses puck.
5:28 of 1st period - Wrist shot by Matt Duchene.
5:28 of 1st period - Goal by Matt Duchene - Dallas Stars : 1 - Chicago Blackhawks : 0.
5:29 of 1st period - Sam Bennett wins face-off versus Joe Pavelski in neutral zone.
6:48 of 1st period - Connor Murphy is hit by Roope Hintz and loses puck.
7:01 of 1st period - Slapshot by Ty Dellandrea.
7:01 of 1st period - Shot Misses the Net.
7:03 of 1st period - Slapshot by Ryan Suter.
7:03 of 1st period - Stopped by Joonas Korpisalo without a rebound.
7:04 of 1st period - Sam Bennett wins face-off versus Sam Steel in Chicago Blackhawks zone.
8:17 of 1st period - Kevin Stenlund is hit by Ty Dellandrea and loses puck.
8:43 of 1st period - Wrist shot by Jamie Benn.
8:43 of 1st period - Stopped by Joonas Korpisalo with a rebound.
9:22 of 1st period - Wrist shot by Tyler Seguin.
9:22 of 1st period - Deflect By Matt Duchene.
9:22 of 1st period - Stopped by Joonas Korpisalo without a rebound.
9:23 of 1st period - Matt Duchene wins face-off versus Sam Bennett in Chicago Blackhawks zone.
10:05 of 1st period - Snap shot by Matt Duchene.
10:05 of 1st period - Shot Misses the Net.
10:07 of 1st period - Wrist shot by Tyler Seguin.
10:07 of 1st period - Goal by Tyler Seguin - Dallas Stars : 2 - Chicago Blackhawks : 0.
10:08 of 1st period - Jason Robertson wins face-off versus Philipp Kurashev in neutral zone.
10:12 of 1st period - Minor Penalty to Matt Grzelcyk for Tripping.
10:13 of 1st period - Kevin Stenlund wins face-off versus Matej Blumel in Chicago Blackhawks zone.
12:12 of 1st period - Penalty to Matt Grzelcyk is over, Matt Grzelcyk is back on ice.
12:53 of 1st period - Nikita Zaitsev is hit by Mason Marchment and loses puck.
13:01 of 1st period - Icing by Robby Fabbri.
13:02 of 1st period - Philipp Kurashev wins face-off versus Jamie Benn in Chicago Blackhawks zone.
13:29 of 1st period - Philipp Kurashev is hit by Ryan Suter.
13:36 of 1st period - Icing by Ryan Suter.
13:37 of 1st period - Sam Bennett wins face-off versus Matt Duchene in Dallas Stars zone.
13:38 of 1st period - Snap shot by Patrick Kane.
13:38 of 1st period - Stopped by Jake Oettinger with a rebound.
13:46 of 1st period - Nick Foligno is hit by Tyler Seguin and loses puck.
14:35 of 1st period - Slapshot by Jamie Benn.
14:35 of 1st period - Stopped by Joonas Korpisalo without a rebound.
14:36 of 1st period - Joe Pavelski wins face-off versus Sam Bennett in Chicago Blackhawks zone.
15:03 of 1st period - Roope Hintz is hit by Patrik Nemeth and loses puck.
15:26 of 1st period - Snap shot by Sam Steel.
15:26 of 1st period - Stopped by Joonas Korpisalo with a rebound.
15:28 of 1st period - Slapshot by Radek Faksa.
15:28 of 1st period - Goal by Radek Faksa - Dallas Stars : 3 - Chicago Blackhawks : 0.
15:29 of 1st period - Sam Steel wins face-off versus Kevin Stenlund in neutral zone.
15:34 of 1st period - Wrist shot by Miro Heiskanen.
15:34 of 1st period - Stopped by Joonas Korpisalo without a rebound.
15:35 of 1st period - Kevin Stenlund wins face-off versus Jamie Benn in Chicago Blackhawks zone.
15:35 of 1st period - Kevin Stenlund is hit by Jamie Benn.
16:03 of 1st period - Slapshot by Jonatan Berggren.
16:03 of 1st period - Deflect By Kevin Stenlund.
16:03 of 1st period - Shot Misses the Net.
16:03 of 1st period - Puck is out of play.
16:04 of 1st period - Matt Duchene wins face-off versus Tyler Johnson in Dallas Stars zone.
16:11 of 1st period - Snap shot by Matt Duchene.
16:11 of 1st period - Shot Misses the Net.
16:13 of 1st period - Slapshot by Jani Hakanpaa.
16:13 of 1st period - Stopped by Joonas Korpisalo with a rebound.
16:51 of 1st period - Wrist shot by Robby Fabbri.
16:51 of 1st period - Shot Misses the Net.
17:03 of 1st period - Snap shot by Robby Fabbri.
17:03 of 1st period - Shot Blocked by Radek Faksa.
17:05 of 1st period - Backhand shot by Seth Jones.
17:05 of 1st period - Shot Blocked by Miro Heiskanen.
17:45 of 1st period - Miro Heiskanen is hit by Sam Bennett and loses puck.
18:10 of 1st period - Slapshot by Tyler Seguin.
18:10 of 1st period - Deflect By Matt Duchene.
18:10 of 1st period - Stopped by Joonas Korpisalo without a rebound.
18:11 of 1st period - Tyler Johnson wins face-off versus Roope Hintz in Chicago Blackhawks zone.
18:16 of 1st period - Snap shot by Blake Wheeler.
18:16 of 1st period - Shot Blocked by Ryan Suter.
18:43 of 1st period - Snap shot by Patrick Kane.
18:43 of 1st period - Deflect By Sam Bennett.
18:43 of 1st period - Stopped by Jake Oettinger without a rebound.
18:44 of 1st period - Philipp Kurashev wins face-off versus Roope Hintz in Dallas Stars zone.
18:47 of 1st period - Snap shot by Robby Fabbri.
18:47 of 1st period - Stopped by Jake Oettinger without a rebound.
18:48 of 1st period - Roope Hintz wins face-off versus Philipp Kurashev in Dallas Stars zone.
19:01 of 1st period - Minor Penalty to Ryan Suter for Hooking.
19:02 of 1st period - Sam Bennett wins face-off versus Jason Robertson in Dallas Stars zone.
19:09 of 1st period - Icing by Patrick Kane.
19:10 of 1st period - Jason Robertson wins face-off versus Patrick Kane in Chicago Blackhawks zone.
Goals for this period are 3 for Dallas Stars vs 0 for Chicago Blackhawks.
Shots for this period are 11 for Dallas Stars vs 9 for Chicago Blackhawks.

2nd period


0:01 of 2nd period - Jason Robertson wins face-off versus Taylor Hall in neutral zone.
0:26 of 2nd period - Derrick Pouliot is hit by Blake Wheeler and loses puck.
1:01 of 2nd period - Penalty to Ryan Suter is over, Ryan Suter is back on ice.
1:19 of 2nd period - Wrist shot by Tyler Seguin.
1:19 of 2nd period - Deflect By Matt Duchene.
1:19 of 2nd period - Stopped by Joonas Korpisalo with a rebound.
1:56 of 2nd period - Icing by Nikita Zaitsev.
1:57 of 2nd period - Matt Duchene wins face-off versus Boris Katchouk in Chicago Blackhawks zone.
2:04 of 2nd period - Wrist shot by Matt Duchene.
2:04 of 2nd period - Stopped by Joonas Korpisalo with a rebound.
2:22 of 2nd period - Snap shot by Jonatan Berggren.
2:22 of 2nd period - Shot Misses the Net.
2:30 of 2nd period - Slapshot by Matt Grzelcyk.
2:30 of 2nd period - Stopped by Jake Oettinger without a rebound.
2:31 of 2nd period - Tyler Johnson wins face-off versus Roope Hintz in Dallas Stars zone.
2:32 of 2nd period - Wrist shot by Blake Wheeler.
2:32 of 2nd period - Shot Misses the Net.
3:02 of 2nd period - Off-side.
3:03 of 2nd period - Sam Steel wins face-off versus Sam Bennett in neutral zone.
3:06 of 2nd period - Nick Foligno is hit by Jamie Benn and loses puck.
3:35 of 2nd period - Slapshot by Patrick Kane.
3:35 of 2nd period - Shot Blocked by Nils Lundkvist.
3:39 of 2nd period - Wrist shot by Patrick Kane.
3:39 of 2nd period - Stopped by Jake Oettinger with a rebound.
3:47 of 2nd period - Wrist shot by Sam Bennett.
3:47 of 2nd period - Stopped by Jake Oettinger with a rebound.
3:49 of 2nd period - Snap shot by Nikita Zaitsev.
3:49 of 2nd period - Stopped by Jake Oettinger with a rebound.
3:51 of 2nd period - Slapshot by Matt Grzelcyk.
3:51 of 2nd period - Shot Blocked by Jamie Benn.
3:53 of 2nd period - Slapshot by Patrick Kane.
3:53 of 2nd period - Shot Blocked by Nils Lundkvist.
3:55 of 2nd period - Wrist shot by Sam Bennett.
3:55 of 2nd period - Shot Misses the Net.
3:57 of 2nd period - Wrist shot by Sam Bennett.
3:57 of 2nd period - Shot Misses the Net.
3:59 of 2nd period - Slapshot by Sam Bennett.
3:59 of 2nd period - Shot Misses the Net.
4:11 of 2nd period - Snap shot by Sam Bennett.
4:11 of 2nd period - Stopped by Jake Oettinger without a rebound.
4:12 of 2nd period - Roope Hintz wins face-off versus Tyler Johnson in Dallas Stars zone.
4:12 of 2nd period - Roope Hintz is hit by Tyler Johnson.
4:15 of 2nd period - Minor Penalty to Roope Hintz for Roughing.
4:16 of 2nd period - Jason Robertson wins face-off versus Tyler Johnson in Dallas Stars zone.
5:10 of 2nd period - Jarred Tinordi is hit by Jason Robertson and loses puck.
5:35 of 2nd period - Mason Marchment is hit by Tyler Johnson and loses puck.
5:59 of 2nd period - Connor Murphy is hit by Jani Hakanpaa and loses puck.
6:15 of 2nd period - Penalty to Roope Hintz is over, Roope Hintz is back on ice.
7:38 of 2nd period - Icing by Radek Faksa.
7:39 of 2nd period - Robby Fabbri wins face-off versus Sam Steel in Dallas Stars zone.
7:40 of 2nd period - Slapshot by Seth Jones.
7:40 of 2nd period - Deflect By Taylor Hall.
7:40 of 2nd period - Shot Misses the Net.
7:40 of 2nd period - Puck is out of play.
7:41 of 2nd period - Tyler Johnson wins face-off versus Roope Hintz in Dallas Stars zone.
8:10 of 2nd period - Slapshot by Sam Bennett.
8:10 of 2nd period - Stopped by Jake Oettinger without a rebound.
8:11 of 2nd period - Nick Foligno wins face-off versus Matt Duchene in Dallas Stars zone.
8:12 of 2nd period - Wrist shot by Patrick Kane.
8:12 of 2nd period - Shot Blocked by Jani Hakanpaa.
8:37 of 2nd period - Nick Foligno is hit by Mason Marchment and loses puck.
8:56 of 2nd period - Off-side.
8:57 of 2nd period - Tyler Johnson wins face-off versus Roope Hintz in neutral zone.
8:59 of 2nd period - Minor Penalty to Seth Jones for Hooking.
9:00 of 2nd period - Kevin Stenlund wins face-off versus Joe Pavelski in Chicago Blackhawks zone.
10:59 of 2nd period - Penalty to Seth Jones is over, Seth Jones is back on ice.
11:24 of 2nd period - Minor Penalty to Jani Hakanpaa for Holding.
11:25 of 2nd period - Patrick Kane wins face-off versus Jason Robertson in Dallas Stars zone.
11:40 of 2nd period - Jamie Benn is hit by Connor Murphy and loses puck.
12:23 of 2nd period - Jarred Tinordi is hit by Mason Marchment and loses puck.
13:24 of 2nd period - Penalty to Jani Hakanpaa is over, Jani Hakanpaa is back on ice.
13:40 of 2nd period - Derrick Pouliot is hit by Kevin Stenlund and loses puck.
13:51 of 2nd period - Ty Dellandrea is hit by Robby Fabbri.
13:57 of 2nd period - Ty Dellandrea is hit by Robby Fabbri and loses puck.
14:36 of 2nd period - Wrist shot by Robby Fabbri.
14:36 of 2nd period - Stopped by Jake Oettinger without a rebound.
14:37 of 2nd period - Roope Hintz wins face-off versus Philipp Kurashev in Dallas Stars zone.
15:02 of 2nd period - Jani Hakanpaa is hit by Patrik Nemeth and loses puck.
15:24 of 2nd period - Nikita Zaitsev is hit by Radek Faksa and loses puck.
15:31 of 2nd period - Slapshot by Jamie Benn.
15:31 of 2nd period - Shot Misses the Net.
16:08 of 2nd period - Snap shot by Philipp Kurashev.
16:08 of 2nd period - Shot Misses the Net.
16:14 of 2nd period - Slapshot by Robby Fabbri.
16:14 of 2nd period - Stopped by Jake Oettinger without a rebound.
16:15 of 2nd period - Roope Hintz wins face-off versus Taylor Hall in Dallas Stars zone.
16:30 of 2nd period - Slapshot by Seth Jones.
16:30 of 2nd period - Shot Misses the Net.
16:32 of 2nd period - Slapshot by Blake Wheeler.
16:32 of 2nd period - Stopped by Jake Oettinger without a rebound.
16:33 of 2nd period - Matt Duchene wins face-off versus Sam Bennett in Dallas Stars zone.
16:33 of 2nd period - Matt Duchene is hit by Nick Foligno.
17:12 of 2nd period - Wrist shot by Joe Pavelski.
17:12 of 2nd period - Stopped by Joonas Korpisalo with a rebound.
17:24 of 2nd period - Wrist shot by Jonatan Berggren.
17:24 of 2nd period - Goal by Jonatan Berggren - Dallas Stars : 3 - Chicago Blackhawks : 1.
17:25 of 2nd period - Roope Hintz wins face-off versus Tyler Johnson in neutral zone.
17:32 of 2nd period - Snap shot by Taylor Hall.
17:32 of 2nd period - Stopped by Jake Oettinger without a rebound.
17:33 of 2nd period - Joe Pavelski wins face-off versus Tyler Johnson in Dallas Stars zone.
17:44 of 2nd period - Backhand shot by Roope Hintz.
17:44 of 2nd period - Stopped by Joonas Korpisalo without a rebound.
17:45 of 2nd period - Roope Hintz wins face-off versus Tyler Johnson in Chicago Blackhawks zone.
17:57 of 2nd period - Minor Penalty to Connor Murphy for Roughing.
17:58 of 2nd period - Kevin Stenlund wins face-off versus Joe Pavelski in Chicago Blackhawks zone.
19:57 of 2nd period - Penalty to Connor Murphy is over, Connor Murphy is back on ice.
Goals for this period are 0 for Dallas Stars vs 1 for Chicago Blackhawks.
Shots for this period are 4 for Dallas Stars vs 11 for Chicago Blackhawks.

3rd period


0:01 of 3rd period - Tyler Johnson wins face-off versus Roope Hintz in neutral zone.
0:17 of 3rd period - Minor Penalty to Connor Murphy for Elbowing.
0:18 of 3rd period - Kevin Stenlund wins face-off versus Joe Pavelski in Chicago Blackhawks zone.
0:26 of 3rd period - Snap shot by Boris Katchouk.
0:26 of 3rd period - Stopped by Jake Oettinger with a rebound.
1:43 of 3rd period - Matt Grzelcyk is hit by Miro Heiskanen and loses puck.
2:17 of 3rd period - Penalty to Connor Murphy is over, Connor Murphy is back on ice.
2:50 of 3rd period - Matt Duchene is hit by Connor Murphy and loses puck.
3:34 of 3rd period - Ryan Suter is hit by Kevin Stenlund and loses puck.
3:52 of 3rd period - Radek Faksa is hit by Sam Bennett and loses puck.
4:03 of 3rd period - Robby Fabbri is hit by Derrick Pouliot.
4:06 of 3rd period - Icing by Matt Grzelcyk.
4:07 of 3rd period - Philipp Kurashev wins face-off versus Roope Hintz in Chicago Blackhawks zone.
4:19 of 3rd period - Snap shot by Philipp Kurashev.
4:19 of 3rd period - Stopped by Jake Oettinger with a rebound.
4:25 of 3rd period - Minor Penalty to Jani Hakanpaa for Delaying the game.
4:26 of 3rd period - Sam Bennett wins face-off versus Jason Robertson in Dallas Stars zone.
4:53 of 3rd period - Derrick Pouliot is hit by Tyler Johnson and loses puck.
5:56 of 3rd period - Patrick Kane is hit by Jason Robertson and loses puck.
6:25 of 3rd period - Penalty to Jani Hakanpaa is over, Jani Hakanpaa is back on ice.
6:56 of 3rd period - Boris Katchouk is hit by Jani Hakanpaa and loses puck.
7:05 of 3rd period - Snap shot by Nils Lundkvist.
7:05 of 3rd period - Shot Blocked by Patrik Nemeth.
7:29 of 3rd period - Icing by Seth Jones.
7:30 of 3rd period - Sam Steel wins face-off versus Tyler Johnson in Chicago Blackhawks zone.
7:52 of 3rd period - Seth Jones is hit by Mason Marchment and loses puck.
8:34 of 3rd period - Wrist shot by Ty Dellandrea.
8:34 of 3rd period - Deflect By Craig Smith.
8:34 of 3rd period - Stopped by Joonas Korpisalo with a rebound.
8:36 of 3rd period - Snap shot by Miro Heiskanen.
8:36 of 3rd period - Deflect By Craig Smith.
8:36 of 3rd period - Shot Misses the Net.
8:36 of 3rd period - Puck is out of play.
8:37 of 3rd period - Tyler Johnson wins face-off versus Roope Hintz in Chicago Blackhawks zone.
8:44 of 3rd period - Wrist shot by Roope Hintz.
8:44 of 3rd period - Stopped by Joonas Korpisalo with a rebound.
8:59 of 3rd period - Icing by Tyler Johnson.
9:00 of 3rd period - Sam Steel wins face-off versus Blake Wheeler in Chicago Blackhawks zone.
9:03 of 3rd period - Snap shot by Sam Steel.
9:03 of 3rd period - Stopped by Joonas Korpisalo without a rebound.
9:04 of 3rd period - Sam Bennett wins face-off versus Sam Steel in Chicago Blackhawks zone.
9:09 of 3rd period - Snap shot by Jamie Benn.
9:09 of 3rd period - Shot Hit the Post.
9:31 of 3rd period - Joe Pavelski is hit by Seth Jones and loses puck.
10:15 of 3rd period - Off-side.
10:16 of 3rd period - Craig Smith wins face-off versus Kevin Stenlund in neutral zone.
10:19 of 3rd period - Wrist shot by Nils Lundkvist.
10:19 of 3rd period - Shot Blocked by Matt Grzelcyk.
10:23 of 3rd period - Snap shot by Ty Dellandrea.
10:23 of 3rd period - Stopped by Joonas Korpisalo without a rebound.
10:24 of 3rd period - Sam Bennett wins face-off versus Roope Hintz in Chicago Blackhawks zone.
10:56 of 3rd period - Slapshot by Seth Jones.
10:56 of 3rd period - Shot Misses the Net.
11:28 of 3rd period - Backhand shot by Patrick Kane.
11:28 of 3rd period - Stopped by Jake Oettinger without a rebound.
11:29 of 3rd period - Roope Hintz wins face-off versus Tyler Johnson in Dallas Stars zone.
11:39 of 3rd period - Icing by Derrick Pouliot.
11:40 of 3rd period - Roope Hintz wins face-off versus Tyler Johnson in Dallas Stars zone.
11:53 of 3rd period - Snap shot by Jason Robertson.
11:53 of 3rd period - Shot Misses the Net.
11:55 of 3rd period - Snap shot by Roope Hintz.
11:55 of 3rd period - Stopped by Joonas Korpisalo with a rebound.
11:57 of 3rd period - Snap shot by Miro Heiskanen.
11:57 of 3rd period - Shot Blocked by Nikita Zaitsev.
11:59 of 3rd period - Snap shot by Miro Heiskanen.
11:59 of 3rd period - Deflect By Jason Robertson.
11:59 of 3rd period - Goal by Jason Robertson - Dallas Stars : 4 - Chicago Blackhawks : 1.
12:00 of 3rd period - Roope Hintz wins face-off versus Tyler Johnson in neutral zone.
12:07 of 3rd period - Snap shot by Jason Robertson.
12:07 of 3rd period - Goal by Jason Robertson - Dallas Stars : 5 - Chicago Blackhawks : 1.
12:08 of 3rd period - Roope Hintz wins face-off versus Tyler Johnson in neutral zone.
12:21 of 3rd period - Wrist shot by Blake Wheeler.
12:21 of 3rd period - Shot Blocked by Derrick Pouliot.
12:44 of 3rd period - Slapshot by Miro Heiskanen.
12:44 of 3rd period - Stopped by Joonas Korpisalo without a rebound.
12:45 of 3rd period - Radek Faksa wins face-off versus Patrick Kane in Chicago Blackhawks zone.
12:56 of 3rd period - Snap shot by Patrick Kane.
12:56 of 3rd period - Stopped by Jake Oettinger without a rebound.
12:57 of 3rd period - Sam Bennett wins face-off versus Roope Hintz in Dallas Stars zone.
13:10 of 3rd period - Snap shot by Jason Robertson.
13:10 of 3rd period - Stopped by Joonas Korpisalo with a rebound.
13:12 of 3rd period - Backhand shot by Joe Pavelski.
13:12 of 3rd period - Shot Blocked by Nick Foligno.
13:14 of 3rd period - Snap shot by Miro Heiskanen.
13:14 of 3rd period - Stopped by Joonas Korpisalo without a rebound.
13:15 of 3rd period - Sam Steel wins face-off versus Tyler Johnson in Chicago Blackhawks zone.
13:21 of 3rd period - Minor Penalty to Connor Murphy for Holding Stick.
13:22 of 3rd period - Joe Pavelski wins face-off versus Boris Katchouk in Chicago Blackhawks zone.
13:32 of 3rd period - Slapshot by Miro Heiskanen.
13:32 of 3rd period - Shot Misses the Net.
13:34 of 3rd period - Slapshot by Nils Lundkvist.
13:34 of 3rd period - Deflect By Jason Robertson.
13:34 of 3rd period - Goal by Jason Robertson - Dallas Stars : 6 - Chicago Blackhawks : 1.
13:35 of 3rd period - Roope Hintz wins face-off versus Sam Bennett in neutral zone.
14:02 of 3rd period - Blake Wheeler is hit by Miro Heiskanen.
14:25 of 3rd period - Snap shot by Jonatan Berggren.
14:25 of 3rd period - Stopped by Jake Oettinger without a rebound.
14:26 of 3rd period - Matt Duchene wins face-off versus Kevin Stenlund in Dallas Stars zone.
14:39 of 3rd period - Snap shot by Nikita Zaitsev.
14:39 of 3rd period - Shot Blocked by Miro Heiskanen.
14:41 of 3rd period - Wrist shot by Kevin Stenlund.
14:41 of 3rd period - Stopped by Jake Oettinger without a rebound.
14:42 of 3rd period - Sam Bennett wins face-off versus Roope Hintz in Dallas Stars zone.
14:47 of 3rd period - Snap shot by Sam Bennett.
14:47 of 3rd period - Shot Misses the Net.
15:28 of 3rd period - Slapshot by Sam Bennett.
15:28 of 3rd period - Stopped by Jake Oettinger without a rebound.
15:29 of 3rd period - Philipp Kurashev wins face-off versus Sam Steel in Dallas Stars zone.
15:45 of 3rd period - Wrist shot by Philipp Kurashev.
15:45 of 3rd period - Shot Misses the Net.
16:04 of 3rd period - Snap shot by Joe Pavelski.
16:04 of 3rd period - Stopped by Joonas Korpisalo with a rebound.
16:06 of 3rd period - Slapshot by Roope Hintz.
16:06 of 3rd period - Stopped by Joonas Korpisalo with a rebound.
16:16 of 3rd period - Slapshot by Seth Jones.
16:16 of 3rd period - Deflect By Matt Duchene.
16:16 of 3rd period - Stopped by Jake Oettinger without a rebound.
16:17 of 3rd period - Matt Duchene wins face-off versus Kevin Stenlund in Dallas Stars zone.
16:36 of 3rd period - Wrist shot by Matt Duchene.
16:36 of 3rd period - Shot Misses the Net.
16:49 of 3rd period - Jarred Tinordi is hit by Jani Hakanpaa and loses puck.
17:22 of 3rd period - Patrik Nemeth is hit by Matt Duchene and loses puck.
17:29 of 3rd period - Boris Katchouk is hit by Ryan Suter and loses puck.
18:06 of 3rd period - Slapshot by Tyler Seguin.
18:06 of 3rd period - Stopped by Joonas Korpisalo without a rebound.
18:07 of 3rd period - Tyler Johnson wins face-off versus Roope Hintz in Chicago Blackhawks zone.
18:07 of 3rd period - Tyler Johnson is hit by Miro Heiskanen.
18:33 of 3rd period - Radek Faksa is hit by Corey Perry and loses puck.
19:05 of 3rd period - Snap shot by Patrick Kane.
19:05 of 3rd period - Shot Misses the Net.
19:25 of 3rd period - Wrist shot by Roope Hintz.
19:25 of 3rd period - Shot Misses the Net.
19:27 of 3rd period - Slapshot by Thomas Harley.
19:27 of 3rd period - Stopped by Joonas Korpisalo without a rebound.
19:28 of 3rd period - Joe Pavelski wins face-off versus Tyler Johnson in Chicago Blackhawks zone.
19:58 of 3rd period - Wrist shot by Jamie Benn.
19:58 of 3rd period - Shot Misses the Net.
Goals for this period are 3 for Dallas Stars vs 0 for Chicago Blackhawks.
Shots for this period are 15 for Dallas Stars vs 8 for Chicago Blackhawks.